 Dungeon Crawl Stone Soup version 0.31.0-11-ge490571c62 (webtiles) character file.

Game seed: 15166300549276182894

13925 Skeral the Gouger (level 11, -5/63 HPs)
             Began as a Felid Shapeshifter on Jan 30, 2024.
             Was a High Priest of Ru.
             Incinerated by a deep elf pyromancer (12 damage)
             ... with a pyre arrow
             ... on level 11 of the Dungeon on Jan 31, 2024.
             The game lasted 00:53:28 (15425 turns).

Skeral the Gouger (Felid Shapeshifter)             Turns: 15425, Time: 00:53:28

Health: -5/63      AC:  6    Str: 10    XL:     11   Next: 82%
Magic:  15/15      EV: 27    Int: 16    God:    Ru [*****.]
Gold:   581        SH:  0    Dex: 18    Spells: 13/14 levels left
                                        Lives:  0   Deaths: 4

rFire   . .          .
                       - Unarmed
rCold   . . .        (shield unavailable)
rNeg    . . .        (body armour unavailable)
rPois   .            (helmet unavailable)
rElec   .            (cloak unavailable)
rCorr   .            (gloves unavailable)
SInv    +            (boots unavailable)
Will    +....        (no amulet)
Stlth   +            E - +5 ring of evasion
HPRegen 0.30/turn    O - +4 ring of protection
MPRegen 0.14/turn

%: inaccuracy (-5)
@: on fire, beast-form, glowing
A: beast (slay +4), very small, claws 1, fangs 3, see invisible, shaggy fur 2,
inability to use devices, cowardly, stealthy paws, missing an eye, no weapons or
thrown items, no armour, multi-lived
a: Begin Untransformation, Renounce Religion, Draw Out Power, Power Leap,
Apocalypse


You were on level 11 of the Dungeon.
You worshipped Ru.
Ru was extremely pleased with you.
You were a hulking beast.
You visited 3 branches of the dungeon, and saw 14 of its levels.
You also visited: Sewer.

You collected 608 gold pieces.
You spent 27 gold pieces at shops.


Innate Abilities, Weirdness & Mutations

You are a hulking beast.
Your limbs bulge with bestial killing power. (Slay +4)
You have sharp claws.
You have razor-sharp teeth.
You have supernaturally acute eyesight. (SInv)
You are covered in thick fur. (AC +2)
You cannot study or use magical devices.
Your cowardice makes you less effective in combat with threatening foes.
Your paws help you pounce on unaware monsters.
You are missing an eye, making it more difficult to aim.
You are incapable of wielding weapons or throwing items.
You cannot wear armour.
You gain extra lives every three experience levels.


   Skills:
 - Level 10.0 Fighting
 + Level 8.1 Dodging
 - Level 4.0 Stealth
 + Level 12.8 Unarmed Combat
 - Level 2.0 Spellcasting
 - Level 2.0 Translocations
 * Level 7.4 Shapeshifting


You had 13 spell levels left.
You knew the following spells:

 Your Spells              Type           Power      Damage    Failure   Level
a - Apportation           Tloc           16%        N/A       9%          1

Your spell library contained the following spells:

 Spells                   Type           Power      Damage    Failure   Level
 Foxfire                  Conj/Fire      4%         2x1d4     21%         1
 Necrotise                Necr           4%         1d4       21%         1
 Sting                    Conj/Alch      4%         1d3       21%         1
 Jinxbite                 Hex            2%         N/A       30%         2
 Mercury Vapours          Alch/Air       2%         N/A       30%         2
 Vampiric Draining        Necr           1%         2d6       52%         3
 Martyr's Knell           Necr/Summ      1%         N/A       90%         4
 Olgreb's Toxic Radiance  Alch           1%         N/A       90%         4
 Alistair's Intoxication  Alch           0%         N/A       99%         5
 Curse of Agony           Necr           1%         N/A       99%         5
 Plasma Beam              Fire/Air       0%         2x1d10    100%        6
 Starburst                Conj/Fire      0%         6d3       100%        6
 Ozocubu's Refrigeration  Ice            0%         4d7       100%        7
 Discord                  Hex            0%         N/A       100%        8

Inventory:

Jewellery
 C - a ring of ice
   (You found it on level 1 of the Dungeon)
 E - a +5 ring of evasion (left paw)
   (You found it on level 1 of the Dungeon)
 O - a +4 ring of protection (right paw)
   (You found it on level 10 of the Dungeon)
 R - a ring of resist corrosion
   (You found it on level 8 of the Dungeon)
 W - a ring of magical power
   (You found it on level 5 of the Dungeon)
 Z - a ring of wizardry
   (You found it on level 8 of the Dungeon)
Talismans
 b - a beast talisman
 c - a flux talisman
 x - a serpent talisman
   (You found it on level 1 of the Lair of Beasts)
Scrolls
 e - a scroll of enchant armour {unknown}
 g - 2 scrolls of amnesia
 h - 3 scrolls of immolation {!r!r}
 j - a scroll of fog
 l - a scroll of teleportation {@r4}
 p - 2 scrolls of revelation {unknown}
 q - 3 scrolls of poison {!r}
 y - a scroll of torment {!r}
Potions
 a - a potion of brilliance {unknown}
 i - 2 potions of curing {@q1}
 k - a potion of resistance {unknown}
 m - a potion of invisibility
 n - 2 potions of magic
 o - a potion of ambrosia
 s - 2 potions of mutation {!q}
 t - 2 potions of cancellation {unknown}
 u - a potion of experience {unknown}
 v - a potion of lignification {!q}
 w - 2 potions of haste {@q3}
 z - a potion of attraction {!q}
 B - a potion of berserk rage {unknown}

Dungeon Overview and Level Annotations

Branches:
Dungeon (12/15) Zot: 26604  Temple (1/1) D:5 Zot: 5925    Lair (1/5) D:11 Zot: 11570
  Sewer (visited)
    Orc: D:9-12

Altars:
Ashenzari
Cheibriados
Dithmenos
Elyvilon
Fedhas
Gozag
Hepliaklqana
Kikubaaqudgha
Makhleb
Nemelex Xobeh
Okawaru
Qazlal
Ru
Sif Muna
Trog
Uskayaw
Vehumet
Wu Jian
Xom
Yredelemnul
Zin
The Shining One

Shops:
D:6 *

Annotations:
D:2 Sigmund
D:6 Maggie
D:8 Joseph
D:11 Harold

..#)#######.#....#
..#)).....#.#....#....#
..#.......#.#....#....#
..#.......#.#....#....#
..#.......#<#....#....#
..#########.'....#.e..# ..
............#....#....# .
............######....## .# .
................h##....## Q#.e
..(............#(.)#....##
....#
...............#######...###..#
################ ###..e.###..
###......# ########


There were no monsters in sight!


Message History

You feel sick.
You are no longer poisoned.
The hornet stings you.
* * * LOW HITPOINT WARNING * * *
You are poisoned.
You feel yourself slow down.
The hornet completely misses you. 😱 HP[-5]
You take 5 damage, and now have 14/63 hp.
You miss the hornet. You bite the hornet.
You feel very sick. The hornet misses you. x2 😱 HP[-2]
You take 2 damage, and now have 12/63 hp.
You completely miss the hornet. Your claw misses the hornet.
You feel sick. The hornet misses you. 😱 HP[-1]
You take 1 damage, and now have 11/63 hp.
You claw the hornet!
You kill the hornet!
You feel sick.
Your Dodging skill increases to level 8! 😱 HP[-1]
You take 1 damage, and now have 10/63 hp.
You start resting.
You feel yourself speed up.
You feel sick. 😱 HP[-1]
You take 1 damage, and now have 9/63 hp.
You start resting.
You feel sick. x2
You are no longer poisoned. 😱 HP[-2]
You take 2 damage, and now have 7/63 hp.
You start resting. 😕 HP[+52]
You regained 52 hp, and now have 59/63 hp.
You start resting. 😎 HP[+4]
Your hp is fully restored (63).
There is an escape hatch in the ceiling here.
You see here 4 stones.
A deep elf pyromancer comes into view. It is wielding a +0 long sword.
You feel a twist of horror at the sight of this foe.
A tengu conjurer comes into view.
You reel with horror at the sight of these foes!
The deep elf pyromancer begins to cast a spell, but is stunned by your conviction!
You feel a twist of horror at the sight of this foe.
There are no items here.
There are no items here.
There are no items here.
Your shopping list is now empty.
You drop a scroll of enchant weapon.
You feel a twist of horror at the sight of this foe.
You see here a scroll of enchant weapon.
You feel a twist of horror at the sight of this foe.
The deep elf pyromancer points at you and mumbles some strange words.
The pyre arrow hits you.
You are covered in intense liquid fire!
You completely miss the deep elf pyromancer.
You claw the deep elf pyromancer! The liquid fire burns you!
The deep elf pyromancer hits you with a +0 long sword. 😕 HP[-12]
You take 12 damage, and now have 51/63 hp.
Unknown command.
You claw the deep elf pyromancer!
Your claw misses the deep elf pyromancer.
The liquid fire burns you!
The deep elf pyromancer hits you but does no damage. 😮 HP[-14]
You take 14 damage, and now have 37/63 hp.
MASSIVE DAMAGE!! (PAUSE)
You barely miss the deep elf pyromancer.
Your claw misses the deep elf pyromancer.
The liquid fire burns you!
The deep elf pyromancer barely misses you. 😮 HP[-4]
You take 4 damage, and now have 33/63 hp.
You scratch the deep elf pyromancer.
Your bite misses the deep elf pyromancer.
The liquid fire burns you!
* * * LOW HITPOINT WARNING * * *
😨 HP[-10]
You take 10 damage, and now have 23/63 hp.
You claw the deep elf pyromancer! The liquid fire burns you!
* * * LOW HITPOINT WARNING * * *
The deep elf pyromancer hits you with a +0 long sword.
* * * LOW HITPOINT WARNING * * *
😱 HP[-9]
You take 9 damage, and now have 14/63 hp.
You claw the deep elf pyromancer!
You kill the deep elf pyromancer!
The liquid fire burns you!
* * * LOW HITPOINT WARNING * * *
😱 HP[-7]
You take 7 damage, and now have 7/63 hp.
You shake off some of the fire as you move.
The liquid fire burns you!
You die...

Skill      XL: |  1  2  3  4  5  6  7  8  9 10 11 |
---------------+----------------------------------+-----
Fighting       | 2 3 4 6 8 9 10 | 10.0
Stealth        | 1 2 3 4 |  4.0
Unarmed Combat | 4 5 7 8 9 11 12 | 12.8
Dodging        | 4 5 8 |  8.1
Translocations | 2 |  2.0
Shapeshifting  | 3 6 7 |  7.4
Spellcasting   | 2 |  2.0

Action                     |  1- 3 |  4- 6 |  7- 9 | 10-12 || total
---------------------------+-------+-------+-------+-------++-------
  Melee: Unarmed           |    90 |   170 |   378 |   322 ||   960
         Bite              |     6 |    18 |    62 |    51 ||   137
         Punch             |       |     4 |    24 |    20 ||    48
 Invoke: Sacrifice Courage |       |       |     1 |       ||     1
         Sacrifice Artific |       |       |       |     1 ||     1
         Sacrifice an Eye  |       |       |       |     1 ||     1
  Evoke: Wand              |       |       |     8 |     3 ||    11
    Use: Potion            |     1 |     1 |     7 |    10 ||    19
         Scroll            |       |       |    10 |    10 ||    20
   Stab: Sleeping          |     6 |     6 |     6 |     4 ||    22
         Distracted        |       |       |     2 |     1 ||     3
         Invisible         |       |       |       |     4 ||     4
 Armour: Skin              |    24 |    40 |   108 |   125 ||   297
  Dodge: Dodged            |    61 |   159 |   334 |   317 ||   871

Levels and vault maps discovered:
D:1:      dpeg_arrival_stone_temple_mockup, layout_basic,
          chequers_ecumenical_altar_simple_redux
D:2:      layout_basic, uniq_sigmund
D:3:      layout_loops_ring, gup_sewer_entry_glass, eino_tiny_chamber
D:4:      minmay_general_purpose_star, layout_basic
D:5:      layout_loops_ring, temple_green, minmay_misc_feat_alley,
          uniq_blork_the_orc
D:6:      layout_basic, serial_shops, nicolae_shop_tiny_waterfront, uniq_maggie
D:7:      minmay_clustersquares, layout_gridville
D:8:      layout_basic, mainiacjoe_overflow_chevrons,
          lemuel_coloured_pillars_altar, enter_bailey_7, uniq_grum, uniq_joseph,
          uniq_prince_ribbit1
D:9:      layout_loops_ring, old_standard_altar
D:10:     layout_gridville, nicolae_overflow_hallway_of_the_gods,
          minmay_hedge_maze
D:11:     layout_irregular_city, lair_entry_dummy, hangedman_weighted_door,
          nzn_random_ring, uniq_harold
D:12:     minmay_the_grid_square_5x5_4x4_mashed
          [minmay_the_grid_square_5x5_minimal,
          minmay_the_grid_square_5x5_tetrominoes,
          minmay_the_grid_square_5x5_tri_point, minmay_the_grid_square_5x5_two,
          minmay_the_grid_square_5x5_fancy_junction,
          minmay_the_grid_square_5x5_prize_open,
          minmay_the_grid_square_5x5_prize_gold,
          minmay_the_grid_square_5x5_empty, minmay_the_grid_square_5x5_empty,
          minmay_the_grid_square_5x5_prize_waves,
          minmay_the_grid_square_5x5_prize_itemx,
          minmay_the_grid_square_5x5_inner_v, minmay_the_grid_square_5x5_comb,
          minmay_the_grid_square_5x5_shuriken,
          minmay_the_grid_square_5x5_doubleslash,
          minmay_the_grid_square_5x5_inset], layout_cave_pools, orc_0_dummy
Temple:   nicolae_temple_slightly_damp_pantheon
Lair:1:   layout_misc_corridors, grunt_megastairs_4

Notes
Turn   | Place    | Note
-------+----------+-------------------------------------------
     0 | D:1      | Skeral the Felid Shapeshifter began the quest for the Orb.
     0 | D:1      | Reached XP level 1. HP: 10/10 MP: 2/2
     0 | D:1      | magus.rc [v1.10.3]
   290 | D:1      | Found a faded altar of an unknown god.
   327 | D:1      | Reached XP level 2. HP: 14/14 MP: 3/3
   932 | D:2      | Noticed Sigmund
   983 | D:2      | Reached skill level 2 in Fighting
  1012 | D:2      | Reached skill level 1 in Stealth
  1106 | D:2      | Reached XP level 3. HP: 18/18 MP: 4/4
  1446 | D:1      | HP: 4/18 [poisoned by a kobold]
  1782 | D:2      | Reached skill level 2 in Stealth
  1989 | D:3      | Found a glowing drain.
  2005 | D:3      | You pick up a book of Fire and begin reading...
  2005 | D:3      | You add the spells Foxfire, Plasma Beam and Starburst to
                  | your library.
  2010 | D:3      | Reached XP level 4. HP: 23/23 MP: 5/5
  2010 | D:3      | Gained a life (2 lives remaining)
  2081 | Sewer    | Entered a sewer
  2146 | Sewer    | Reached skill level 4 in Unarmed Combat
  2245 | Sewer    | Noticed a kobold brigand
  2253 | Sewer    | HP: 5/23 [kobold brigand/+0 club (3)]
  2254 | Sewer    | Slain by a kobold brigand
  2254 | Sewer    | Lost a life (1 life remaining)
  2271 | Sewer    | Reached skill level 3 in Stealth
  2275 | Sewer    | Killed a kobold brigand
  2276 | Sewer    | Reached skill level 3 in Fighting
  2276 | Sewer    | Reached XP level 5. HP: 28/28 MP: 6/6
  2540 | Sewer    | Reached skill level 4 in Stealth
  2570 | Sewer    | magus.rc [v1.10.3]
  2600 | Sewer    | Gained mutation: You are covered in thick fur. (AC +2)
                  | [Felid growth]
  2600 | Sewer    | Reached XP level 6. HP: 12/33 MP: 7/7
  3286 | D:3      | You add the spells Sting, Mercury Vapours and Olgreb's
                  | Toxic Radiance to your library.
  3510 | D:4      | Reached skill level 4 in Fighting
  3558 | D:4      | Reached skill level 5 in Unarmed Combat
  4109 | D:4      | Reached XP level 7. HP: 31/38 MP: 8/8
  4109 | D:4      | Gained a life (2 lives remaining)
  4524 | D:5      | Entered Level 5 of the Dungeon
  4564 | D:5      | Reached skill level 5 in Fighting
  4593 | D:5      | Reached skill level 6 in Unarmed Combat
  4810 | D:5      | Found a staircase to the Ecumenical Temple.
  4819 | Temple   | Entered the Ecumenical Temple
  4874 | Temple   | Became a worshipper of Ru the Awakened
  5028 | D:5      | Noticed Blork the orc
  5117 | D:5      | Killed Blork the orc
  5859 | D:4      | Reached skill level 6 in Fighting
  5996 | D:6      | Reached skill level 7 in Unarmed Combat
  5996 | D:6      | Reached XP level 8. HP: 38/45 MP: 9/9
  6000 | D:6      | You pick up a book of Necromancy and begin reading...
  6000 | D:6      | You add the spells Necrotise, Vampiric Draining, Martyr's
                  | Knell and Curse of Agony to your library.
  6363 | D:6      | Noticed Maggie
  6598 | D:6      | Found Gibrer's General Store.
  6606 | D:6      | Bought a wand of flame (3) for 27 gold pieces
  7248 | D:7      | You add the spells Ozocubu's Refrigeration and Discord to
                  | your library.
  7322 | D:7      | Gained mutation: Your cowardice makes you less effective in
                  | combat with threatening foes. [Ru sacrifice]
  7322 | D:7      | Reached * piety under Ru
  7330 | D:7      | Reached skill level 7 in Fighting
  7883 | D:8      | Noticed Prince Ribbit
  7895 | D:8      | Reached skill level 8 in Unarmed Combat
  8066 | D:8      | HP: 9/47 [yak (11)]
  8073 | D:7      | Reached skill level 8 in Fighting
  8276 | D:8      | Found a sparkling altar of Nemelex Xobeh.
  8428 | D:7      | HP: 9/47 [gnoll/+0 whip[a gnoll sergeant] (6)]
  8625 | D:7      | Noticed a two-headed ogre
  8673 | D:8      | HP: 5/47 [vampire (14)]
  8675 | D:8      | Mangled by a vampire
  8675 | D:8      | Lost a life (1 life remaining)
  8703 | D:8      | Reached XP level 9. HP: 45/51 MP: 10/10
  8703 | D:8      | Killed Prince Ribbit
  8813 | D:8      | Found a radiant altar of Vehumet.
  8901 | D:7      | Reached skill level 9 in Unarmed Combat
  9393 | D:7      | Reached skill level 3 in Dodging
  9409 | D:7      | You pick up a book of Party Tricks and begin reading...
  9409 | D:7      | You add the spells Apportation, Jinxbite and Alistair's
                  | Intoxication to your library.
  9412 | D:7      | Learned a level 1 spell: Apportation
  9480 | D:8      | Noticed Grum
  9507 | D:8      | Reached skill level 9 in Fighting
  9507 | D:8      | Reached skill level 1 in Translocations
  9507 | D:8      | Reached skill level 3 in Shapeshifting
  9618 | D:8      | Reached skill level 2 in Translocations
  9704 | D:8      | Noticed a troll
  9854 | D:9      | Reached skill level 4 in Dodging
  9862 | D:9      | Noticed a troll
  9868 | D:9      | HP: 11/53 [troll (4)]
 10089 | D:9      | Noticed a two-headed ogre
 10776 | D:9      | Reached XP level 10. HP: 54/57 MP: 11/11
 10776 | D:9      | Gained a life (2 lives remaining)
 10796 | D:9      | Reached skill level 5 in Dodging
 10952 | D:9      | Found a blossoming altar of Fedhas.
 11008 | D:9      | Reached skill level 10 in Unarmed Combat
 11013 | D:9      | Reached skill level 4 in Shapeshifting
 11070 | D:10     | Entered Level 10 of the Dungeon
 11453 | D:10     | Gained mutation: You cannot study or use magical devices.
                  | [Ru sacrifice]
 11453 | D:10     | Reached ** piety under Ru
 11453 | D:10     | Reached *** piety under Ru
 11557 | D:10     | Reached skill level 10 in Fighting
 11571 | D:10     | Reached skill level 5 in Shapeshifting
 11694 | D:8      | Noticed a two-headed ogre
 11696 | D:8      | Killed a two-headed ogre
 11726 | D:8      | Reached skill level 11 in Unarmed Combat
 11780 | D:8      | Killed Grum
 11983 | D:8      | Noticed Joseph
 12077 | D:8      | HP: 14/59 [troll (12)]
 12080 | D:8      | Reached skill level 6 in Shapeshifting
 12682 | D:10     | Reached XP level 11. HP: 63/63 MP: 12/12
 12967 | D:10     | Found a shimmering blue altar of Sif Muna.
 12975 | D:10     | Found a shimmering altar of Xom.
 12976 | D:10     | Found a stormy altar of Qazlal.
 12977 | D:10     | Found an ornate altar of the Wu Jian Council.
 12978 | D:10     | Found a glowing silver altar of Zin.
 12978 | D:10     | Found a bloodstained altar of Trog.
 12985 | D:10     | Found an opulent altar of Gozag.
 13195 | D:11     | Found a staircase to the Lair.
 13252 | D:11     | Noticed Harold
 13301 | D:11     | Noticed a boulder beetle
 13511 | D:11     | HP: 2/63 [cyclops (15)]
 13513 | D:11     | Noticed a brown ugly thing
 13533 | D:10     | HP: 12/63 [acid (10)]
 13536 | D:10     | HP: 1/63 [brown ugly thing (13)]
 13536 | D:10     | Splashed by a brown ugly thing's acid
 13536 | D:10     | Lost a life (1 life remaining)
 13550 | D:10     | magus.rc [v1.10.3]
 13641 | D:11     | Reached skill level 12 in Unarmed Combat
 13641 | D:11     | Reached skill level 7 in Shapeshifting
 13881 | D:11     | magus.rc [v1.10.3]
 13928 | D:11     | Noticed a green ugly thing
 14044 | D:11     | Reached skill level 1 in Spellcasting
 14095 | Lair:1   | Entered Level 1 of the Lair of Beasts
 14130 | Lair:1   | Reached skill level 6 in Dodging
 14143 | Lair:1   | Reached skill level 2 in Spellcasting
 14275 | Lair:1   | HP: 15/63 [poisoned by a black mamba]
 14278 | D:11     | HP: 6/63 [poisoned by a black mamba]
 14391 | D:11     | Reached skill level 7 in Dodging
 14534 | Lair:1   | HP: 14/63 [basilisk (17)]
 14547 | Lair:1   | HP: 12/63 [black mamba (5)]
 14551 | Lair:1   | Slain by a yak
 14551 | Lair:1   | Lost a life (0 lives remaining)
 14573 | Lair:1   | HP: 15/63 [wolf (3)]
 14587 | Lair:1   | Gained mutation: You are missing an eye, making it more
                  | difficult to aim. [Ru sacrifice]
 14587 | Lair:1   | Reached **** piety under Ru
 14587 | Lair:1   | Reached ***** piety under Ru
 14745 | Lair:1   | HP: 10/63 [cane toad (22)]
 14745 | Lair:1   | HP: 3/63 [cane toad (7)]
 14788 | D:11     | HP: 11/63 [black mamba (1)]
 15029 | D:12     | Noticed a green ugly thing
 15178 | D:11     | HP: 14/63 [hornet (4)]
 15182 | D:11     | Reached skill level 8 in Dodging
 15183 | D:11     | HP: 8/63 [poisoned by a hornet]
 15393 | D:11     | Noticed a deep elf pyromancer
 15423 | D:11     | HP: 14/63 [deep elf pyromancer/+0 long sword (5)]
 15424 | D:11     | Killed a deep elf pyromancer
 15425 | D:11     | Incinerated by a deep elf pyromancer

Vanquished Creatures
  A two-headed ogre (D:8)
  A deep elf pyromancer (D:11)
  4 cyclopes
  2 black mambas
  A cane toad (Lair:1)
  A gargoyle (D:11)
  A komodo dragon (D:10)
  3 trolls
  2 hornets
  Prince Ribbit (D:8)
  4 blink frogs
  A shadow (D:11)
  A wraith (D:10)
  A wyvern (D:11)
  21 yaks
  A vampire (D:9)
  Grum (D:8)
  A basilisk (Lair:1)
  4 acid dragons
  A water moccasin (Lair:1)
  2 orc warriors
  2 sky beasts (D:6)
  An ice beast (D:5)
  3 black bears
  5 wolves
  4 kobold brigands
  Blork the orc (D:5)
  2 gnoll sergeants
  4 bullfrogs
  10 wights
  4 killer bees
  4 howler monkeys
  A bombardier beetle (D:4)
  A gnoll bouda (D:4)
  3 hounds
  A jelly (D:7)
  An orc priest (D:10)
  2 iguanas (D:4)
  2 sleepcaps (D:6)
  4 orc wizards
  10 adders
  17 gnolls
  A shadow imp (D:7)
  4 white imps
  3 dart slugs
  2 ribbon worms (D:4)
  24 orcs
  6 bats
  6 endoplasms
  6 giant cockroaches
  12 goblins
  4 hobgoblins
  7 jackals
  18 ball pythons
  4 frilled lizards
  28 kobolds
  21 rats
283 creatures vanquished.

Vanquished Creatures (others)
  A troll (D:11)
  A vampire (D:8)
  A howler monkey (D:9)
3 creatures vanquished.

Grand Total: 286 creatures vanquished

Table legend:
 A = Non-vault XP
 B = Vault XP
 C = Vault XP percentage of total XP
 D = Non-vault monster count
 E = Vault monster count
 F = Vault count percentage of total count
                 A         B        C        D         E       F
            +---------+---------+-------+---------+---------+-------
      Total |   16487 |    3406 |  17.1 |     207 |      78 |  27.4
            +---------+---------+-------+---------+---------+-------
        D:1 |      29 |       0 |   0.0 |      17 |       0 |   0.0
        D:2 |      54 |       0 |   0.0 |      18 |       0 |   0.0
        D:3 |      52 |      19 |  26.8 |      15 |       4 |  21.1
        D:4 |     401 |      12 |   2.9 |      26 |       5 |  16.1
        D:5 |     428 |      94 |  18.0 |      21 |       1 |   4.5
        D:6 |     543 |       0 |   0.0 |      10 |       0 |   0.0
        D:7 |     919 |     494 |  35.0 |      15 |       8 |  34.8
        D:8 |    2159 |     587 |  21.4 |      12 |       7 |  36.8
        D:9 |    2662 |     230 |   8.0 |      28 |       2 |   6.7
       D:10 |    2879 |       0 |   0.0 |      17 |       0 |   0.0
       D:11 |    3361 |    1017 |  23.2 |      15 |       3 |  16.7
       D:12 |       0 |     307 | 100.0 |       0 |       1 | 100.0
     Lair:1 |    3000 |     351 |  10.5 |      13 |       2 |  13.3
      Sewer |       0 |     295 | 100.0 |       0 |      45 | 100.0
            +---------+---------+-------+---------+---------+-------

Skill      XL: |  1  2  3  4  5  6  7  8  9 10 11 |
---------------+----------------------------------+-----
Fighting       | 2 3 4 6 8 9 10 | 10.0
Stealth        | 1 2 3 4 |  4.0
Unarmed Combat | 4 5 7 8 9 11 12 | 12.8
Dodging        | 4 5 8 |  8.1
Translocations | 2 |  2.0
Shapeshifting  | 3 6 7 |  7.4
Spellcasting   | 2 |  2.0

Action                     |  1- 3 |  4- 6 |  7- 9 | 10-12 || total
---------------------------+-------+-------+-------+-------++-------
  Melee: Unarmed           |    90 |   170 |   378 |   322 ||   960
         Bite              |     6 |    18 |    62 |    51 ||   137
         Punch             |       |     4 |    24 |    20 ||    48
 Invoke: Sacrifice Courage |       |       |     1 |       ||     1
         Sacrifice Artific |       |       |       |     1 ||     1
         Sacrifice an Eye  |       |       |       |     1 ||     1
  Evoke: Wand              |       |       |     8 |     3 ||    11
    Use: Potion            |     1 |     1 |     7 |    10 ||    19
         Scroll            |       |       |    10 |    10 ||    20
   Stab: Sleeping          |     6 |     6 |     6 |     4 ||    22
         Distracted        |       |       |     2 |     1 ||     3
         Invisible         |       |       |       |     4 ||     4
 Armour: Skin              |    24 |    40 |   108 |   125 ||   297
  Dodge: Dodged            |    61 |   159 |   334 |   317 ||   871

Illustrated notes

Table legend:
 A = Kills in this place as a percentage of kills in the entire game.
 B = Kills by you in this place as a percentage of kills by you in the entire game.
 C = Kills by friends in this place as a percentage of kills by friends in the entire game.
 D = Other kills in this place as a percentage of other kills in the entire game.
 E = Experience gained in this place as a percentage of experience gained in the entire game.
 F = Experience gained in this place divided by the number of levels of this place that you have seen.
                   A       B       C       D       E      F
               +-------+-------+-------+-------+-------+----------------------
         Total | 100.0 | 100.0 |   N/A | 100.0 | 100.0 | 1326.2
       Dungeon |  78.9 |  78.8 |   N/A | 100.0 |  81.7 | 1353.9
          Lair |   5.3 |   5.3 |   N/A |   0.0 |  16.8 | 3351.0
         Sewer |  15.8 |  15.9 |   N/A |   0.0 |   1.5 | 295.0
               +-------+-------+-------+-------+-------+----------------------

Table legend: (Time is in decaauts)
 A = Elapsed time spent in this place.
 B = Non-inter-level travel time spent in this place.
 C = Inter-level travel time spent in this place.
 D = Time resting spent in this place.
 E = Time spent auto-exploring this place.
 F = Levels seen in this place.
 G = Mean time per level.
                   A        B        C        D        E       F      G
               +--------+--------+--------+--------+--------+-----+--------+
         Total |  15280 |  13506 |   1774 |   2902 |   3277 |  15 | 1018.7 |
       Dungeon |  14019 |  12317 |   1702 |   2690 |   3049 |  12 | 1168.2 |
        Temple |     74 |      2 |     72 |      0 |      0 |   1 |   74.0 |
          Lair |    429 |    429 |      0 |    106 |      0 |   1 |  429.0 |
         Sewer |    757 |    757 |      0 |    106 |    228 |   1 |  757.0 |
               +--------+--------+--------+--------+--------+-----+--------+

Top non-repeatable levels by time:
     D:7: 1898 daAuts
    D:11: 1666 daAuts
     D:8: 1556 daAuts
     D:9: 1290 daAuts
     D:5: 1185 daAuts
     D:4: 1185 daAuts
    D:10: 1127 daAuts
     D:1: 1088 daAuts
     D:6: 1038 daAuts
     D:3: 1015 daAuts
     D:2: 934 daAuts
   Sewer: 757 daAuts
  Lair:1: 429 daAuts
  Temple: 74 daAuts
    D:12: 31 daAuts
